[ AOE2 MATCH · #474223528 ]
1v1 RMMuisca vs Wei
Player's team · LOSS
Rival team · WIN
[ REPLAY ANALYSIS · EXTRACTED FROM THE RECORDED GAME ]
Feudal
9:21
Castle
24:03
Imperial
—
| APM avg | 44.3 |
| APM peak | 89 |
| eAPM avg | 17.0 |
| Villagers / military | 75 / 96 |
Focus
⚔️ 38.8% · 🌾 61.2%
Archer ×88 · Spearman ×8 · Unknown (2550) ×4
Feudal
8:31
Castle
23:55
Imperial
—
| APM avg | 83.1 |
| APM peak | 142 |
| eAPM avg | 29.1 |
| Villagers / military | 120 / 29 |
Focus
⚔️ 38.4% · 🌾 61.6%
Unknown (1952) ×82 · Skirmisher ×22 · Unknown (1944) ×12 · Scout Cavalry ×7
Match map
Initial resources + every placement click. Lines = walls · curves = elevation contours. ◆ gold · ⬟ stone · ● berries · ✦ relic · ◌ wall gap
Inputs per minute
— mario ovalle - - [CL] Nitrolanco
Build order — mario ovalle
First 150 of 258 actions detected
| 0:00 | Create | Villager (Male) |
| 0:01 | Create | Villager (Male) |
| 0:01 | Create | Villager (Male) |
| 0:02 | Build | House |
| 0:05 | Build | House |
| 0:21 | Create | Villager (Male) |
| 1:26 | Create | Villager (Male) |
| 1:54 | Build | Settlement |
| 2:05 | Create | Villager (Male) |
| 2:05 | Create | Villager (Male) |
| 2:16 | Create | Villager (Male) |
| 2:16 | Create | Villager (Male) |
| 2:51 | Create | Villager (Male) |
| 2:52 | Create | Villager (Male) |
| 3:07 | Create | Villager (Male) |
| 3:07 | Create | Villager (Male) |
| 3:32 | Create | Villager (Male) |
| 3:47 | Build | Settlement |
| 3:56 | Create | Villager (Male) |
| 3:56 | Create | Villager (Male) |
| 4:13 | Create | Villager (Male) |
| 4:40 | Create | Villager (Male) |
| 4:40 | Create | Villager (Male) |
| 4:56 | Create | Villager (Male) |
| 4:56 | Create | Villager (Male) |
| 5:49 | Create | Villager (Male) |
| 6:06 | Build | Barracks |
| 6:14 | Create | Villager (Male) |
| 6:23 | Research | Loom |
| 7:11 | Research | Feudal Age |
| 7:27 | Create | Unit 2550 |
| 7:43 | Create | Unit 2550 |
| 8:06 | Build | House |
| 8:07 | Build | Palisade Wall |
| 8:53 | Create | Villager (Male) |
| 9:21 | Age | Feudal Age |
| 9:24 | Create | Villager (Male) |
| 9:27 | Build | Archery Range |
| 9:41 | Build | Settlement |
| 9:42 | Create | Villager (Male) |
| 9:46 | Create | Villager (Male) |
| 10:03 | Research | Tech 1402 |
| 10:10 | Build | House |
| 10:12 | Build | Palisade Wall |
| 10:17 | Build | Palisade Wall |
| 10:19 | Create | Villager (Male) |
| 10:31 | Create | Archer |
| 11:22 | Create | Villager (Male) |
| 11:23 | Create | Archer |
| 11:30 | Create | Archer |
| 11:40 | Create | Spearman |
| 11:52 | Create | Villager (Male) |
| 12:14 | Build | Farm |
| 12:15 | Build | Farm |
| 12:20 | Create | Archer |
| 12:25 | Build | Archery Range |
| 12:28 | Create | Archer |
| 12:31 | Create | Spearman |
| 12:51 | Create | Villager (Male) |
| 12:53 | Create | Archer |
| 13:24 | Build | Building 796 |
| 13:40 | Create | Villager (Male) |
| 13:45 | Build | Farm |
| 13:47 | Create | Archer |
| 13:47 | Create | Archer |
| 13:52 | Create | Archer |
| 13:59 | Build | Farm |
| 14:04 | Build | Farm |
| 14:05 | Build | Farm |
| 14:07 | Build | Farm |
| 14:09 | Create | Villager (Male) |
| 14:12 | Create | Archer |
| 14:13 | Create | Spearman |
| 14:19 | Create | Archer |
| 14:33 | Create | Archer |
| 14:44 | Create | Villager (Male) |
| 14:46 | Build | Farm |
| 14:54 | Create | Archer |
| 15:18 | Create | Villager (Male) |
| 15:20 | Build | House |
| 15:21 | Build | House |
| 15:23 | Research | Town Watch |
| 15:23 | Research | Town Watch |
| 15:37 | Create | Spearman |
| 15:37 | Create | Spearman |
| 15:57 | Create | Archer |
| 16:01 | Create | Spearman |
| 16:05 | Create | Villager (Male) |
| 16:07 | Build | Farm |
| 16:29 | Create | Archer |
| 16:29 | Create | Archer |
| 16:34 | Build | Blacksmith |
| 16:40 | Build | Farm |
| 16:45 | Create | Villager (Male) |
| 16:46 | Create | Spearman |
| 17:02 | Create | Villager (Male) |
| 17:08 | Build | Palisade Wall |
| 17:13 | Create | Villager (Male) |
| 17:14 | Build | House |
| 17:15 | Build | Palisade Wall |
| 17:20 | Create | Spearman |
| 17:33 | Research | Fletching |
| 17:40 | Create | Villager (Male) |
| 17:42 | Build | Farm |
| 17:53 | Create | Villager (Male) |
| 17:57 | Build | House |
| 17:58 | Build | House |
| 18:16 | Build | Palisade Wall |
| 18:28 | Build | Farm |
| 18:31 | Create | Archer |
| 18:46 | Create | Villager (Male) |
| 18:52 | Build | Farm |
| 18:58 | Create | Villager (Male) |
| 19:06 | Create | Archer |
| 19:06 | Create | Archer |
| 19:19 | Create | Archer |
| 19:28 | Build | Farm |
| 19:30 | Create | Villager (Male) |
| 19:59 | Create | Villager (Male) |
| 20:03 | Build | Farm |
| 20:05 | Create | Archer |
| 20:05 | Create | Archer |
| 20:31 | Create | Villager (Male) |
| 20:34 | Create | Archer |
| 20:34 | Create | Archer |
| 21:23 | Research | Castle Age |
| 21:26 | Create | Archer |
| 21:26 | Create | Archer |
| 21:32 | Build | Settlement |
| 21:41 | Create | Archer |
| 21:42 | Create | Archer |
| 23:05 | Create | Archer |
| 23:06 | Create | Archer |
| 23:22 | Create | Archer |
| 23:22 | Create | Archer |
| 23:37 | Create | Archer |
| 23:37 | Create | Archer |
| 24:03 | Age | Castle Age |
| 24:03 | Research | Crossbowman (upgrade) |
| 24:04 | Research | Crossbowman (upgrade) |
| 24:05 | Research | Padded Archer Armor |
| 24:05 | Research | Padded Archer Armor |
| 24:05 | Research | Bodkin Arrow |
| 24:05 | Research | Bodkin Arrow |
| 24:10 | Create | Villager (Male) |
| 24:11 | Create | Villager (Male) |
| 24:12 | Create | Villager (Male) |
| 24:18 | Research | Double-Bit Axe |
| 24:47 | Create | Villager (Male) |
| 24:52 | Build | University |
Build order — [CL] Nitrolanco
First 150 of 272 actions detected
| 0:00 | Create | Villager (Male) |
| 0:00 | Create | Villager (Male) |
| 0:01 | Create | Villager (Male) |
| 0:02 | Build | House |
| 0:02 | Build | House |
| 0:11 | Create | Villager (Male) |
| 1:24 | Create | Villager (Male) |
| 1:24 | Create | Villager (Male) |
| 1:57 | Create | Villager (Male) |
| 2:09 | Build | Lumber Camp |
| 2:13 | Create | Villager (Male) |
| 2:13 | Create | Villager (Male) |
| 2:36 | Create | Villager (Male) |
| 3:13 | Create | Villager (Male) |
| 3:13 | Create | Villager (Male) |
| 3:33 | Build | House |
| 3:45 | Create | Villager (Male) |
| 3:45 | Create | Villager (Male) |
| 4:32 | Create | Villager (Male) |
| 4:42 | Create | Villager (Male) |
| 4:49 | Build | Mill |
| 4:51 | Create | Villager (Male) |
| 5:40 | Research | Loom |
| 6:21 | Research | Feudal Age |
| 6:57 | Create | Villager (Male) |
| 7:37 | Build | Barracks |
| 7:50 | Build | House |
| 7:58 | Create | Villager (Male) |
| 8:31 | Age | Feudal Age |
| 8:34 | Build | Stable |
| 8:40 | Build | House |
| 9:07 | Create | Villager (Male) |
| 9:13 | Research | Double-Bit Axe |
| 9:20 | Build | House |
| 9:36 | Create | Scout Cavalry |
| 9:39 | Build | Mill |
| 9:40 | Create | Villager (Male) |
| 9:53 | Create | Villager (Male) |
| 9:57 | Create | Scout Cavalry |
| 10:12 | Build | Farm |
| 10:14 | Build | Farm |
| 10:26 | Create | Scout Cavalry |
| 10:41 | Create | Villager (Male) |
| 10:41 | Create | Villager (Male) |
| 10:44 | Build | Farm |
| 10:48 | Build | Farm |
| 11:00 | Create | Villager (Male) |
| 11:23 | Create | Scout Cavalry |
| 11:34 | Create | Villager (Male) |
| 11:37 | Build | Farm |
| 11:45 | Build | House |
| 11:47 | Build | Farm |
| 11:50 | Build | Farm |
| 11:52 | Create | Villager (Male) |
| 12:03 | Build | Farm |
| 12:08 | Build | Farm |
| 12:10 | Create | Villager (Male) |
| 12:14 | Build | House |
| 12:31 | Build | Farm |
| 12:53 | Create | Villager (Male) |
| 12:53 | Create | Scout Cavalry |
| 13:01 | Build | House |
| 13:05 | Create | Scout Cavalry |
| 13:12 | Create | Villager (Male) |
| 13:12 | Create | Villager (Male) |
| 13:14 | Build | Farm |
| 13:26 | Build | Farm |
| 13:35 | Create | Scout Cavalry |
| 13:44 | Create | Villager (Male) |
| 13:45 | Research | Horse Collar |
| 13:50 | Build | Palisade Wall |
| 13:59 | Build | Palisade Wall |
| 14:01 | Create | Villager (Male) |
| 14:04 | Build | Blacksmith |
| 14:13 | Create | Villager (Male) |
| 14:28 | Create | Villager (Male) |
| 14:49 | Build | Watch Tower |
| 14:57 | Research | Forging |
| 15:02 | Build | House |
| 15:04 | Build | Palisade Wall |
| 15:06 | Create | Villager (Male) |
| 15:14 | Build | Archery Range |
| 15:23 | Build | Farm |
| 15:25 | Create | Villager (Male) |
| 15:28 | Build | Mining Camp |
| 15:51 | Create | Villager (Male) |
| 16:03 | Create | Villager (Male) |
| 16:10 | Build | House |
| 16:13 | Build | Palisade Wall |
| 16:18 | Build | House |
| 16:21 | Build | Palisade Wall |
| 16:22 | Create | Skirmisher |
| 16:28 | Research | Padded Archer Armor |
| 16:34 | Create | Villager (Male) |
| 16:46 | Research | Gold Mining |
| 16:48 | Create | Villager (Male) |
| 16:52 | Build | Farm |
| 17:07 | Build | Lumber Camp |
| 17:16 | Create | Skirmisher |
| 17:19 | Create | Villager (Male) |
| 17:23 | Build | Farm |
| 17:26 | Create | Villager (Male) |
| 17:32 | Build | House |
| 17:38 | Build | Palisade Wall |
| 17:41 | Create | Skirmisher |
| 18:03 | Create | Skirmisher |
| 18:08 | Create | Skirmisher |
| 18:13 | Create | Skirmisher |
| 18:34 | Build | House |
| 18:35 | Build | Palisade Wall |
| 18:40 | Build | House |
| 18:45 | Create | Skirmisher |
| 18:50 | Create | Villager (Male) |
| 18:58 | Build | Lumber Camp |
| 19:15 | Build | Farm |
| 19:16 | Create | Villager (Male) |
| 19:20 | Build | Farm |
| 19:22 | Build | Farm |
| 19:25 | Research | Fletching |
| 19:40 | Build | House |
| 19:42 | Build | House |
| 19:59 | Create | Skirmisher |
| 20:00 | Create | Villager (Male) |
| 20:11 | Build | Market |
| 20:13 | Build | Farm |
| 20:16 | Build | Farm |
| 20:20 | Create | Skirmisher |
| 20:23 | Create | Villager (Male) |
| 20:25 | Create | Skirmisher |
| 20:32 | Research | Padded Archer Armor |
| 20:33 | Create | Villager (Male) |
| 20:45 | Build | Farm |
| 21:04 | Create | Skirmisher |
| 21:12 | Research | Castle Age |
| 21:23 | Create | Skirmisher |
| 21:27 | Create | Skirmisher |
| 21:30 | Build | Farm |
| 21:33 | Build | Archery Range |
| 21:37 | Create | Skirmisher |
| 21:50 | Research | Bloodlines |
| 22:33 | Create | Skirmisher |
| 22:35 | Create | Skirmisher |
| 22:50 | Create | Skirmisher |
| 22:59 | Build | Archery Range |
| 23:24 | Create | Skirmisher |
| 23:24 | Create | Skirmisher |
| 23:34 | Create | Skirmisher |
| 23:43 | Create | Skirmisher |
| 23:46 | Create | Villager (Male) |
| 23:53 | Create | Skirmisher |
Match timeline
| 6:06 | mario ovalle · first_building Barracks |
| 7:37 | [CL] Nitrolanco · first_building Barracks |
| 8:07 | mario ovalle · wall_segment Palisade Wall x2 |
| 8:31 | [CL] Nitrolanco · age_up feudal |
| 8:34 | [CL] Nitrolanco · first_building Stable |
| 9:21 | mario ovalle · age_up feudal |
| 9:27 | mario ovalle · first_building Archery Range |
| 10:12 | mario ovalle · wall_segment Palisade Wall x14 |
| 10:17 | mario ovalle · wall_segment Palisade Wall x5 |
| 13:50 | [CL] Nitrolanco · wall_segment Palisade Wall x5 |
| 13:59 | [CL] Nitrolanco · wall_segment Palisade Wall x1 |
| 15:04 | [CL] Nitrolanco · wall_segment Palisade Wall x6 |
| 15:14 | [CL] Nitrolanco · first_building Archery Range |
| 16:13 | [CL] Nitrolanco · wall_segment Palisade Wall x16 |
| 16:21 | [CL] Nitrolanco · wall_segment Palisade Wall x4 |
| 17:08 | mario ovalle · wall_segment Palisade Wall x7 |
| 17:15 | mario ovalle · wall_segment Palisade Wall x9 |
| 17:38 | [CL] Nitrolanco · wall_segment Palisade Wall x14 |
| 18:16 | mario ovalle · wall_segment Palisade Wall x1 |
| 18:35 | [CL] Nitrolanco · wall_segment Palisade Wall x6 |
| 20:56 | [CL] Nitrolanco · first_market_buy 100 food |
| 23:55 | [CL] Nitrolanco · age_up castle |
| 24:03 | mario ovalle · age_up castle |
| 24:48 | [CL] Nitrolanco · first_market_sell 100 food |
| 26:20 | mario ovalle · wall_segment Palisade Wall x9 |
| 27:29 | mario ovalle · wall_segment Palisade Wall x1 |
| 28:54 | mario ovalle · wall_segment Palisade Wall x1 |
| 29:01 | mario ovalle · wall_segment Palisade Wall x3 |
| 33:50 | mario ovalle · first_market_sell 100 wood |
| 36:32 | mario ovalle · resign |
[ AI ANALYSIS · 1 CREDIT ]
What really happened in this match?
Wolo.gg analyzes every decision: build order, eco, micro, common mistakes by bracket. Personalized analysis on WhatsApp or Discord in 30 seconds.
Civ guide
Muisca
Map guide
Arabia
Perfil
Jugador #289249